 Dungeon Crawl Stone Soup version 0.31.0-11-ge490571c62 (webtiles) character file.

Game seed: 3327319822500561743

393 qw the Skirmisher (level 6, -13/35 HPs)
             Began as a Deep Elf Hunter on Feb 5, 2024.
             Mangled by an ogre
             ... wielding a +0 giant club
              (29 damage)
             ... on level 4 of the Dungeon.
             The game lasted 00:00:13 (2211 turns).

qw the Skirmisher (Deep Elf Hunter)                 Turns: 2211, Time: 00:00:14

Health: -13/35     AC:  8    Str: 10    XL:     6   Next: 51%
Magic:  8/8        EV:  9    Int: 14    God:
Gold:   209        SH:  0    Dex: 18    Spells: 5/5 levels left

rFire   . . .        a - +0 shortbow
rCold   . . .        (shield currently unavailable)
rNeg    . . .        b - +0 scale mail
rPois   .            (no helmet)
rElec   .            j - +0 cloak
rCorr   .            f - +0 pair of gloves
SInv    .            (no boots)
Will    .....        n - amulet of regeneration
Stlth   +            (no ring)
HPRegen 1.05/turn    (no ring)
MPRegen 0.11/turn

%: no passive effects
@: no status effects
A: no striking features
a: no special abilities


You were on level 4 of the Dungeon.
You visited 1 branch of the dungeon, and saw 4 of its levels.

You collected 209 gold pieces.


   Skills:
 - Level 2.1 Fighting
 + Level 9.8 Ranged Weapons
 - Level 1.1 Armour
 - Level 2.4 Dodging
 - Level 1.2 Stealth


You had 5 spell levels left.
You didn't know any spells.
Your spell library was empty.

Inventory:

Hand Weapons
 a - a +0 shortbow (weapon)
Armour
 b - a +0 scale mail (worn)
 f - a +0 pair of gloves (worn)
 h - a +0 pair of boots
 j - a +0 cloak (worn)
Jewellery
 n - an amulet of regeneration (around neck)
 o - a ring of fire
Scrolls
 k - a scroll of torment {unknown}
 p - a scroll of revelation {unknown}
Potions
 c - a potion of invisibility {unknown}
 d - 2 potions of mutation
 e - 4 potions of heal wounds
 g - a potion of resistance
 i - 2 potions of curing {unknown}
 l - a potion of magic {unknown}
 m - a potion of brilliance {unknown}
 q - a potion of lignification {unknown}

Dungeon Overview and Level Annotations

Branches:
Dungeon (4/15)
 Temple: D:4-7

Altars:
Ru

Shops:
D:2 [   D:3 :   D:4 (

Annotations:
D:4 1 runed translucent door, qw's ghost, amateur DEHu


Message History

Found 30 stones.
The ogre shouts!
You shoot an arrow.
The arrow hits the ogre but does no damage.
You hear a shout!
You shoot an arrow. The arrow hits the ogre!
The ogre is heavily wounded.
An ogre comes into view. It is wielding a +0 giant club.
You shoot an arrow.
The arrow hits the ogre but does no damage.
The ogre is heavily wounded.
The ogre barely misses you.
You shoot an arrow. The arrow barely misses the ogre.
The ogre barely misses you.
You shoot an arrow. The arrow hits the ogre.
The ogre is heavily wounded.
The ogre barely misses you.
You shoot an arrow. The arrow hits the ogre.
The ogre is severely wounded.
The ogre closely misses you.
You shoot an arrow. The arrow hits the ogre.
The ogre is almost dead.
You shoot an arrow. The arrow hits the ogre.
You kill the ogre!
The ogre hits you with a +0 giant club!!
Ouch! That really hurt!
You shoot an arrow. The arrow hits the ogre.
The ogre is lightly wounded.
You shoot an arrow.
The arrow hits the ogre but does no damage.
The ogre is lightly wounded.
The ogre completely misses you.
You shoot an arrow. The arrow hits the ogre.
The ogre is lightly wounded.
The ogre hits you with a +0 giant club.
You shoot an arrow. The arrow hits the ogre.
The ogre is lightly wounded.
The ogre hits you with a +0 giant club!!
Ouch! That really hurt!
You die...

# # (..(.( ((# (#.).
.8.. ((..
(....########## .# ..8
#.............# .# (.
....##.#####%# ##
.#### ##...## #.## ##
#O..###.....###... #
#..##@..##....!..####.
.
+.......+....\........
#
#####...##.....)..####
#...###....%#####.
#...####...##.....
##...##)##.........
#######
#.......#..........
#.....#
####)####..........
#.....#
#)##.#.##+##.##.


You could see an ogre.

Vanquished Creatures
  An ogre (D:4)
  A phantom (D:4)
  A hound (D:4)
  A bombardier beetle (D:3)
  An iguana (D:4)
  6 gnolls
  3 adders
  An orc (D:3)
  5 endoplasms
  5 giant cockroaches
  5 hobgoblins
  3 jackals (D:1)
  5 quokkas
  6 ball pythons
  A bat (D:1)
  6 frilled lizards
  10 goblins
  4 kobolds
  6 rats
71 creatures vanquished.

Notes
Turn   | Place    | Note
-------+----------+-------------------------------------------
     0 | D:1      | qw the Deep Elf Hunter began the quest for the Orb.
     0 | D:1      | Reached XP level 1. HP: 12/12 MP: 3/3
     0 | D:1      | 0 ||| qw: Version: 0.3-a-160-g6735b56
     0 | D:1      | 0 ||| qw: Game counter: 6217
     0 | D:1      | 0 ||| qw: Melee chars always use a shield: true
     0 | D:1      | 0 ||| qw: God list: Okawaru
     0 | D:1      | 0 ||| qw: Allow faded altars: false
     0 | D:1      | 0 ||| qw: Do Orc after clearing Dungeon:15 true
     0 | D:1      | 0 ||| qw: Do second Lair branch before Depths: true
     0 | D:1      | 0 ||| qw: Lair rune preference: random
     0 | D:1      | 0 ||| qw: Goals: Normal
     0 | D:1      | 0 ||| PLANNING D:1-11
   162 | D:1      | Reached XP level 2. HP: 16/16 MP: 4/4
   167 | D:1      | Reached skill level 6 in Ranged Weapons
   451 | D:1      | 451 ||| READING scroll labelled SUIKAU SUESOS.
   451 | D:1      | 451 ||| IDENTIFYING black potion
   452 | D:1      | 452 ||| READING scroll labelled IJEV USMAG.
   453 | D:1      | 453 ||| READING scroll labelled TOMEPE DAAK.
   457 | D:1      | 457 ||| DROPPING scroll of butterflies.
   458 | D:1      | 458 ||| DROPPING potion of degeneration.
   484 | D:2      | 484 ||| STAIRDANCE
   494 | D:2      | Found Cimon's Antique Armour Emporium.
   499 | D:2      | 499 ||| SHOPLISTING pair of gloves (103 gold, have 51).
   499 | D:2      | 499 ||| SHOPLISTING pair of translucent gloves (218 gold,
                  | have 51).
   499 | D:2      | 499 ||| SHOPLISTING scale mail (92 gold, have 51).
   499 | D:2      | 499 ||| SHOPLISTING scorched scale mail (207 gold, have
                  | 51).
   531 | D:2      | Reached XP level 3. HP: 20/20 MP: 5/5
   709 | D:2      | Found a sacrificial altar of Ru.
   730 | D:2      | Reached skill level 7 in Ranged Weapons
   886 | D:2      | Reached XP level 4. HP: 25/25 MP: 6/6
   972 | D:2      | 972 ||| UPGRADING to +0 scale mail.
   982 | D:2      | 982 ||| DROPPING +0 leather armour.
   983 | D:2      | 983 ||| UPGRADING to +0 pair of gloves.
   988 | D:2      | 988 ||| READING scroll of identify.
   988 | D:2      | 988 ||| IDENTIFYING dark potion
   989 | D:2      | 989 ||| READING scroll labelled ORCHIWNILEO.
   990 | D:2      | 990 ||| DRINKING 2 glowing silvery potions.
  1192 | D:3      | Reached skill level 8 in Ranged Weapons
  1372 | D:3      | Found Hizec's Book Boutique.
  1621 | D:3      | 1621 ||| UPGRADING to +0 cloak.
  1626 | D:3      | 1626 ||| UPGRADING to amulet of regeneration.
  1631 | D:3      | 1631 ||| READING scroll of identify.
  1631 | D:3      | 1631 ||| IDENTIFYING fuming red potion
  1632 | D:3      | 1632 ||| READING scroll labelled MON GUITOFOD.
  1633 | D:3      | 1633 ||| READING scroll labelled XIOHECLOCKA.
  1862 | D:4      | Noticed a phantom
  1864 | D:4      | 1864 ||| RETREEEEATING.
  1865 | D:4      | 1865 ||| RETREEEEATING.
  1866 | D:4      | 1866 ||| RETREEEEATING.
  1882 | D:4      | Reached skill level 1 in Armour
  1882 | D:4      | Reached XP level 5. HP: 15/29 MP: 7/7
  1898 | D:4      | Killed a phantom
  1899 | D:4      | Reached skill level 9 in Ranged Weapons
  1970 | D:4      | Found a runed translucent door.
  1970 | D:4      | Noticed qw's ghost (amateur DEHu)
  2075 | D:4      | Reached XP level 6. HP: 20/35 MP: 8/8
  2091 | D:4      | Found Vap Ofy's Weapon Shop.
  2198 | D:4      | Found the +6 shillelagh "Devastator" {shatter}
  2211 | D:4      | Mangled by an ogre

Levels and vault maps discovered:
D:1:      scummos_arrival_forest, layout_rooms
D:2:      layout_rooms, serial_shops, nicolae_shop_pleasant_corner_grove,
          basic_altar, fountainhead, minmay_goblin_outpost
D:3:      layout_loops_ring, serial_shops, shop_statue
D:4:      layout_basic, serial_shops, nicolae_shop_bloodbath_and_beyond,
          gammafunk_ghost_grave, dilly_guarded_unrand_devastator

Skill      XL: |  1  2  3  4  5 |
---------------+----------------+-----
Ranged Weapons | 6 7 8 9 |  9.8
Armour         | 1 |  1.1
Fighting       | 2 |  2.1
Dodging        | |  2.4
Stealth        | |  1.2

Action                     |  1- 3 |  4- 6 || total
---------------------------+-------+-------++-------
   Fire: Shortbow          |   106 |   146 ||   252
    Use: Scroll            |     3 |     5 ||     8
         Potion            |       |     1 ||     1
 Armour: Leather armour    |     9 |       ||     9
         Scale mail        |       |    70 ||    70
  Dodge: Dodged            |    15 |    49 ||    64

Table legend:
 A = Non-vault XP
 B = Vault XP
 C = Vault XP percentage of total XP
 D = Non-vault monster count
 E = Vault monster count
 F = Vault count percentage of total count
                 A         B        C        D         E       F
            +---------+---------+-------+---------+---------+-------
      Total |     442 |     120 |  21.4 |      64 |       7 |   9.9
            +---------+---------+-------+---------+---------+-------
        D:1 |      30 |       0 |   0.0 |      19 |       0 |   0.0
        D:2 |      61 |      11 |  15.3 |      16 |       6 |  27.3
        D:3 |      75 |       0 |   0.0 |      13 |       0 |   0.0
        D:4 |     276 |     109 |  28.3 |      16 |       1 |   5.9
            +---------+---------+-------+---------+---------+-------
